 Dungeon Crawl Stone Soup version 0.23.0 (webtiles) character file.

Game seed: 4736142799784835720

544 theswoord the Carver (level 7, 0/62 HPs)
             Began as a Naga Berserker on Feb 12, 2019.
             Was a Believer of Trog.
             Slain by a goblin (2 damage)
             ... led by Robin
             ... on level 4 of the Dungeon.
             The game lasted 00:06:45 (3130 turns).

theswoord the Carver (Naga Berserker)               Turns: 3130, Time: 00:06:46

Health: 0/62       AC:  9    Str: 24    XL:     7   Next: 27%
Magic:  7/7        EV:  5    Int:  8    God:    Trog [**....]
Gold:   178        SH:  0    Dex: 12    Spells: 6/6 levels left

rFire    . . .     SeeInvis +   a - +1 falchion
rCold    . . .     Gourm    .   (no shield)
rNeg     . . .     Faith    .   o - +0 plate armour
rPois    +         Spirit   .   (no helmet)
rElec    .         Reflect  .   (no cloak)
rCorr    +         Harm     .   p - +0 pair of gloves
MR       ++...                  (no barding)
Stlth    ..........             (no amulet)
HPRegen  1.20/turn              i - ring of resist corrosion
MPRegen  0.10/turn              (no ring)

@: mighty, berserk cooldown, starving, regenerating, very slow
A: large, see invisible, deformed body, poison resistance, slowness 2, slow
metabolism 1, spit poison 1, AC +2
a: Spit Poison, Berserk, Trog's Hand, Renounce Religion


You were on level 4 of the Dungeon.
You worshipped Trog.
Trog was pleased with you.
You were starving.

You visited 1 branch of the dungeon, and saw 4 of its levels.

You collected 178 gold pieces.

Inventory:

Hand Weapons
 a - a +1 falchion (weapon)
Armour
 b - a +0 animal skin
 m - a +0 chain mail
 o - a +0 plate armour (worn)
 p - a +0 pair of gloves (worn)
Jewellery
 i - a ring of resist corrosion (left hand)
Scrolls
 d - a scroll of remove curse
 l - a scroll of immolation
Potions
 e - 2 potions of mutation
 f - a potion of magic {unknown}
 g - 2 potions of lignification
 h - a potion of might
 j - a potion of cancellation
 n - a potion of berserk rage
 q - a potion of flight
 r - a potion of agility {unknown}
Comestibles
 c - 11 rations


   Skills:
 - Level 3.0 Fighting
 + Level 8.1 Long Blades
 - Level 1.5 Armour
 - Level 1.5 Dodging


You had 6 spell levels left.
You didn't know any spells.
Your spell library was empty.

Dungeon Overview and Level Annotations

Branches:
Dungeon (4/15)
 Temple: D:4-7

Altars:
Fedhas
Makhleb
Ru
Sif Muna
The Shining One


Innate Abilities, Weirdness & Mutations

You cannot wear boots.
Your serpentine skin is tough. (AC +2)
You have supernaturally acute eyesight. (SInv)
Armour fits poorly on your strangely shaped body.
Your system is resistant to poisons. (rPois)
You cover ground very slowly.
You have a slow metabolism.
You can spit poison.


Message History

Your skin crawls.
You feel resistant to hostile enchantments.
You are starving!
The goblin completely misses you. The hobgoblin closely misses you.
You riposte.
You slash the hobgoblin!
You kill the hobgoblin!
Trog accepts your kill. The goblin hits you.
* * * LOW HITPOINT WARNING * * *
You slash the worker ant! The goblin hits you but does no damage.
The goblin hits you.
* * * LOW HITPOINT WARNING * * *
You slash the worker ant!
You kill the worker ant!
Trog accepts your kill. The goblin hits you but does no damage.
The goblin hits you.
* * * LOW HITPOINT WARNING * * *
You miss the goblin. The goblin hits you but does no damage.
The goblin hits you.
You die...

# # #. ##
#.#.### #.#
.......###..###
.......#.....
...........
#?$g..##
#@)...# #...
##)g...# .....
##...#.....
...... ##..###
....
.......##.).#
.#.
.........#..##
..
............# .
............#
...........##


You could see 2 goblins.

Vanquished Creatures
  An ogre (D:4)
  A bullfrog (D:2)
  A howler monkey (D:4)
  3 orc wizards
  2 worker ants (D:4)
  A hound skeleton (D:4)
  Robin (D:4)
  4 gnolls (D:3)
  8 adders
  4 oozes
  3 dart slugs
  A leopard gecko (D:3)
  6 orcs
  3 ball pythons
  4 bats
  3 giant cockroaches
  8 goblins
  10 hobgoblins
  2 jackals (D:2)
  A quokka (D:2)
  6 frilled lizards
  3 kobolds
  3 rats (D:1)
79 creatures vanquished.

Notes
Turn   | Place    | Note
-------+----------+-------------------------------------------
     0 | D:1      | theswoord the Naga Berserker began the quest for the Orb.
     0 | D:1      | Reached XP level 1. HP: 21/21 MP: 1/1
    42 | D:1      | HP: 1/31 [bat (1)]
   334 | D:1      | Reached XP level 2. HP: 17/28 MP: 2/2
   805 | D:2      | Noticed a bullfrog
   813 | D:2      | Killed a bullfrog
   813 | D:2      | Reached skill level 5 in Long Blades
   813 | D:2      | Reached XP level 3. HP: 30/34 MP: 3/3
   813 | D:2      | Reached XP level 4. HP: 37/42 MP: 4/4
  1078 | D:2      | Reached ** piety under Trog
  1230 | D:2      | Reached XP level 5. HP: 49/49 MP: 5/5
  1465 | D:2      | Found a deep blue altar of Sif Muna.
  1465 | D:2      | Found a glowing golden altar of the Shining One.
  1470 | D:2      | Found a faded altar of an unknown god.
  1472 | D:2      | Found a blossoming altar of Fedhas.
  1474 | D:2      | Found a sacrificial altar of Ru.
  1521 | D:3      | Reached skill level 6 in Long Blades
  1867 | D:3      | Found a burning altar of Makhleb.
  2040 | D:3      | Reached XP level 6. HP: 48/56 MP: 6/6
  2837 | D:4      | Reached skill level 7 in Long Blades
  3077 | D:4      | Reached XP level 7. HP: 62/62 MP: 7/7
  3094 | D:4      | Noticed Robin
  3112 | D:4      | Killed Robin
  3115 | D:4      | Reached skill level 8 in Long Blades
  3126 | D:4      | HP: 2/62 [goblin[Robin] (2)]
  3130 | D:4      | Slain by a goblin

Skill      XL: |  1  2  3  4  5  6  7 |
---------------+----------------------+-----
Long Blades    | 5 6 7 8 |  8.1
Fighting       | |  3.0
Armour         | |  1.5
Dodging        | |  1.5

Action                   |  1- 3 |  4- 6 |  7- 9 || total
-------------------------+-------+-------+-------++-------
Melee: Falchion          |    67 |   141 |    44 ||   252
Invok: Berserk           |     2 |     6 |       ||     8
       Trog's Hand       |       |       |     1 ||     1
 Abil: Spit Poison       |       |     1 |       ||     1
  Use: Scroll            |     2 |    12 |       ||    14
       Potion            |       |       |     2 ||     2
 Stab: Sleeping          |     1 |     1 |       ||     2
  Eat: Chunk             |       |    11 |       ||    11
Armor: Animal skin       |    14 |     6 |       ||    20
       Chain mail        |       |    24 |       ||    24
       Plate armour      |       |    44 |   113 ||   157
Dodge: Dodged            |    50 |    48 |    44 ||   142
       Rpst.: Falchion   |    18 |    17 |     9 ||    44

Levels and vault maps discovered:
D:1:      shiori_arrival_elements, layout_basic
D:2:      layout_loops_ring, chequers_temple_overflow_minitemple, first_ration
D:3:      layout_basic, lemuel_coloured_pillars_altar
D:4:      layout_cave_pools, kennysheep_little_box, uniq_robin
